 Dungeon Crawl Stone Soup version 0.23.2-40-g277498a001 (webtiles) character file.

Game seed: 7604966062967705840

474 pipboyy the Slinger (level 7, -5/45 HPs)
             Began as a Halfling Hunter on Sept 27, 2019.
             Killed by divine providence
             ... invoked by an orc priest
              (16 damage)
             ... on level 4 of the Dungeon.
             The game lasted 00:46:51 (5139 turns).

pipboyy the Slinger (Halfling Hunter)               Turns: 5139, Time: 00:46:52

Health: -5/45      AC:  7    Str: 13    XL:     7   Next: 32%
Magic:  7/7        EV: 15    Int:  9    God:
Gold:   217        SH:  0    Dex: 17    Spells: 6/6 levels left

rFire    + . .     SeeInvis .   a - +2 hunting sling
rCold    . . .     Gourm    .   (shield restricted)
rNeg     . . .     Faith    .   c - +1 leather armour
rPois    .         Spirit   .   (no helmet)
rElec    .         Reflect  .   (no cloak)
rCorr    +         Harm     .   (no gloves)
MR       .....                  z - +2 pair of boots
Stlth    ++........             (no amulet)
HPRegen  0.15/turn              p - ring of protection from fire
MPRegen  0.10/turn              i - ring of resist corrosion

@: no status effects
A: small, mutation resistance 1
a: no special abilities


You were on level 4 of the Dungeon.
You were not hungry.

You visited 1 branch of the dungeon, and saw 4 of its levels.

You collected 217 gold pieces.

Inventory:

Hand Weapons
 a - a +2 hunting sling (weapon)
 b - a +0 short sword
 e - a +0 club
 h - a +0 dagger
 r - a +0 falchion
 u - a +1 hand axe of chopping
 w - a +0 hunting sling
Missiles
 j - 145 stones (quivered)
 k - 3 tomahawks of dispersal
 o - a throwing net
 y - 4 large rocks
Armour
 c - a +1 leather armour (worn)
 z - a +2 pair of boots (worn)
Jewellery
 i - a ring of resist corrosion (right hand)
 p - a ring of protection from fire (left hand)
Scrolls
 q - 7 scrolls of identify
 s - a scroll of teleportation
Potions
 d - 2 potions of lignification {unknown}
 f - a potion of curing {unknown}
 g - a potion of cancellation {unknown}
 l - a potion of heal wounds
 m - a potion of degeneration {unknown}
 v - a potion of brilliance {unknown}
Comestibles
 n - 5 rations


   Skills:
 + Level 2.8 Fighting
 + Level 9.6 Slings
 * Level 3.7 Armour
 + Level 2.7 Dodging
 + Level 1.3 Stealth


You had 6 spell levels left.
You didn't know any spells.
Your spell library was empty.

Dungeon Overview and Level Annotations

Branches:
Dungeon (4/15)             Temple (0/1) D:4

Altars:
Gozag
Makhleb
Nemelex Xobeh
Okawaru
Trog
The Shining One


Innate Abilities, Weirdness & Mutations

You are small and have problems with some larger weapons.
You are somewhat resistant to further mutation.


Message History

The jackal closely misses you. The jackal closely misses you.
The jackal completely misses you. The jackal closely misses you.
The orc priest miscasts a cantrip.
The jackal bites you but does no damage.
The jackal closely misses you. The jackal closely misses you.
The jackal bites you but does no damage.
The orc priest looks satisfied for a moment.
The jackal misses you. The jackal closely misses you.
The orc priest calls down the wrath of Beogh upon you.
Beogh smites you!
* * * LOW HITPOINT WARNING * * *
The jackal misses you. The jackal closely misses you.
The jackal closely misses you.
The orc priest invokes the aid of Beogh against you.
Beogh smites you!
You die...

### #........##........(..
#####.## #..####..#......##....
#..#...####.# ##..)..#....##(..
###......##...###......##........
#.#.....###.....#............##(#
........##.............o....###..
........###.......hh........##...
#.......#..##.#..hh............#.
####............@##............#.
##............###.......##....
#.....#....#.............#..#.
##...###....##..............#.
##...#......#................
##......#........#...♣...#...
#.......##.#........♣.♣......
###......####......♣.♣.♣....#
##..#..# ##....♣.♣.♣.♣...#


You could see an orc priest and 4 jackals.

Vanquished Creatures
  Eustachio (D:3)
  A scorpion (D:4)
  2 orc priests (D:4)
  2 orc wizards (D:4)
  3 gnolls (D:4)
  An adder (D:2)
  An ooze (D:3)
  An adder skeleton (D:4)
  3 worms
  4 dart slugs
  A leopard gecko (D:4)
  16 orcs
  3 ball pythons
  6 bats
  2 giant cockroaches
  14 goblins
  6 hobgoblins
  10 jackals
  A quokka (D:2)
  3 frilled lizards
  6 kobolds
  11 rats
98 creatures vanquished.

Notes
Turn   | Place    | Note
-------+----------+-------------------------------------------
     0 | D:1      | pipboyy the Halfling Hunter began the quest for the Orb.
     0 | D:1      | Reached XP level 1. HP: 14/14 MP: 1/1
   637 | D:1      | Reached skill level 6 in Slings
   815 | D:1      | Reached XP level 2. HP: 19/19 MP: 2/2
   829 | D:1      | Reached skill level 1 in Armour
  1335 | D:1      | Reached XP level 3. HP: 24/24 MP: 3/3
  1891 | D:2      | Found a glowing golden altar of the Shining One.
  1937 | D:2      | Found a burning altar of Makhleb.
  2025 | D:2      | Reached skill level 7 in Slings
  2025 | D:2      | Reached XP level 4. HP: 29/29 MP: 4/4
  3319 | D:3      | Reached XP level 5. HP: 34/34 MP: 5/5
  3877 | D:3      | Found a bloodstained altar of Trog.
  3877 | D:3      | Found an opulent altar of Gozag.
  4180 | D:4      | Found a staircase to the Ecumenical Temple.
  4235 | D:4      | Reached skill level 8 in Slings
  4242 | D:4      | Found a sparkling altar of Nemelex Xobeh.
  4252 | D:4      | Reached XP level 6. HP: 26/40 MP: 6/6
  4506 | D:4      | Found an iron altar of Okawaru.
  4530 | D:4      | Reached skill level 9 in Slings
  4539 | D:4      | Noticed Eustachio
  4688 | D:3      | Killed Eustachio
  4688 | D:3      | Reached XP level 7. HP: 3/45 MP: 7/7
  5139 | D:4      | Killed from afar by an orc priest

Skill      XL: |  1  2  3  4  5  6 |
---------------+-------------------+-----
Slings         | 6 7 8 9 |  9.6
Armour         | 1 2 3 |  3.7
Fighting       | 2 |  2.8
Dodging        | |  2.7
Stealth        | |  1.3

Action                   |  1- 3 |  4- 6 |  7- 9 || total
-------------------------+-------+-------+-------++-------
Melee: Short sword       |    15 |       |       ||    15
 Fire: Hunting sling     |    79 |   279 |     8 ||   366
  Use: Scroll            |     3 |     4 |       ||     7
  Eat: Ration            |     1 |     1 |     1 ||     3
       Chunk             |       |     3 |       ||     3
Armor: Leather armour    |     6 |    37 |     5 ||    48
Dodge: Dodged            |    24 |   106 |    18 ||   148
